Map: Eternal Empire LE

Players

thesola

  • Race: Protoss Protoss
  • League: Silver
  • Spawn Location: 1:00

JohnnyV - Winner!

  • Race: Terran Terran
  • League: Silver
  • Spawn Location: 7:00

VOD

Have the link to the VOD?

Description

Time

  • Played on: May 3, 2020, 7:41 p.m.
  • Length: 13:00
Show
View Real Time Build Order
Export as new Build Order

thesola Protoss 

Build Orders:  

Get SALT Encoding   

  12  0:01  Probe (Chrono Boost)  
  13  0:10  Probe (Chrono Boost)  
  14  0:15  Probe (Chrono Boost)  
  15  0:23  Pylon  
  15  0:41  Forge  
  15  0:43  Probe  
  16  0:55  Probe  
  17  1:13  Probe  
  18  1:25  Probe  
  19  1:36  Pylon  
  19  1:50  Pylon  
  19  1:56  Photon Cannon  
  18  2:16  Gateway  
  18  2:22  Photon Cannon  
  18  2:25  Pylon  
  18  2:29  Assimilator  
  18  2:31  Probe (Chrono Boost)  
  18  2:33  Assimilator  
  19  2:41  Probe (Chrono Boost)  
  20  2:46  Probe (Chrono Boost)  
  20  2:48  Photon Cannon  
  21  2:57  Probe  
  22  3:09  Zealot  
  24  3:24  Pylon  
  24  3:36  Zealot  
  24  3:37  Pylon  
  26  3:57  Probe (Chrono Boost)  
  27  4:06  Cybernetics Core  
  27  4:07  Probe (Chrono Boost)  
  28  4:12  Probe (Chrono Boost)  
  28  4:16  Pylon  
  29  4:23  Probe  
  30  4:29  Gateway  
  30  4:35  Gateway  
  30  4:37  Protoss Shields Level 1  
  30  4:50  Twilight Council  
  30  5:58  Pylon  
  30  6:04  Pylon  
  30  6:15  Pylon  
  30  6:18  Photon Cannon  
  30  6:20  Photon Cannon  
  30  6:30  Dark Shrine  
  30  6:33  Gateway  
  30  6:38  Photon Cannon  
  30  6:41  Photon Cannon  
  30  6:43  Photon Cannon  
  30  6:56  Pylon  
  3  7:24  Probe (Chrono Boost)  
  4  7:34  Probe (Chrono Boost)  
  5  7:39  Probe (Chrono Boost)  
  6  7:51  Probe  
  9  7:55  Dark Templar  
  9  7:56  Dark Templar  
  12  8:03  Probe  
  11  8:11  Dark Templar  
  11  8:15  Probe  
  14  8:27  Probe (Chrono Boost)  
  15  8:35  Dark Templar  
  15  8:36  Dark Templar  
  15  8:37  Probe (Chrono Boost)  
  16  9:51  Dark Templar x2  
  14  9:57  Shadow Stride  
  14  9:58  Probe (Chrono Boost)  
  15  10:09  Probe (Chrono Boost)  
  15  10:14  Probe (Chrono Boost)  
  17  10:25  Probe  
  17  10:28  Dark Templar  
  20  10:37  Probe  
  21  11:15  Archon  
  21  11:19  Dark Templar  
  17  11:27  Dark Templar  
  21  11:36  Probe (Chrono Boost)  
  22  11:45  Dark Templar  
  22  11:46  Probe (Chrono Boost)  
  25  12:34  Photon Cannon  
Show
View Real Time Build Order
Export as new Build Order

JohnnyV Terran - Winner!

Build Orders:  

Get SALT Encoding   

  12  0:01  SCV  
  13  0:17  SCV, Supply Depot  
  14  0:29  SCV  
  15  0:36  Refinery  
  15  0:41  Barracks  
  15  0:44  SCV  
  16  0:56  SCV  
  17  1:09  SCV  
  18  1:12  Refinery  
  18  1:21  SCV  
  19  1:28  Reaper  
  20  1:35  Orbital Command  
  20  1:56  Barracks  
  20  2:10  Marine  
  21  2:20  Factory  
  21  2:28  Marine  
  22  2:44  Ghost Academy  
  22  2:45  Marine  
  23  2:55  Supply Depot  
  23  3:16  Marine, SCV  
  23  3:17  Factory Reactor  
  25  3:23  Bunker  
  25  3:35  Personal Cloaking  
  26  3:46  Barracks  
  24  3:53  Barracks Tech Lab  
  24  4:01  Engineering Bay  
  24  4:13  Supply Depot  
  25  4:17  SCV  
  25  4:19  Ghost  
  27  4:26  Hellion x2  
  31  4:42  Barracks Reactor  
  31  4:44  Combat Shield  
  31  4:50  Ghost Academy  
  31  5:00  Terran Infantry Armor Level 1  
  31  5:01  Nuke  
  31  5:05  Hellion x2  
  31  5:06  Ghost  
  37  5:18  Missile Turret  
  37  5:21  SCV, Missile Turret  
  37  5:23  Marine  
  39  5:38  Marine, Nuke  
  39  5:39  Supply Depot  
  40  5:57  Marine x2  
  42  6:07  Command Center  
  42  6:18  Marine x3  
  45  6:50  Nuke  
  45  6:51  Enhanced Shockwaves  
  45  6:57  Marine x2  
  45  6:58  Marine  
  45  6:59  Hellion x2  
  48  7:24  Factory  
  48  7:27  Orbital Command  
  45  8:03  Nuke  
  45  8:08  SCV x2  
  45  8:10  Nuke  
  47  8:18  Marine x3  
  47  8:19  Refinery  
  50  8:24  Refinery  
  50  8:26  Hellion  
  52  8:35  Marine  
  52  8:36  Marauder  
  52  8:40  Marine  
  56  8:44  Factory Tech Lab  
  56  8:47  SCV x2  
  58  8:53  Marine  
  49  9:49  Marine x3  
  49  9:50  Siege Tank  
  53  10:06  Marine  
  53  10:07  Marine  
  55  10:15  Missile Turret x2  
  55  10:20  Nuke, Command Center  
  55  10:23  Siege Tank  
  55  10:25  Widow Mine x2  
  63  10:40  Missile Turret  
  63  10:41  Ghost  
  64  10:43  Marine x2  
  64  10:46  Missile Turret  
  63  10:55  Siege Tank  
  65  11:01  Marine x2  
  66  11:10  Ghost  
  62  11:25  Marine x2  
  64  11:27  Siege Tank  
  67  11:38  Marine  
  68  11:42  Marine  
  68  11:58  Starport  
  68  11:59  Siege Tank  
  71  12:03  Starport  
  71  12:09  Orbital Command  
  71  12:11  SCV  
  71  12:12  SCV  
Tags
 
Add a new tag
Caveats
  • Supply blocks, unpowered buildings, or Contaminate may cause inaccurate times.
  • Supply counts are checked every 10 seconds.